 Dungeon Crawl Stone Soup version 0.29-a0-317-gd16b76e6b1 (console) character file.

Game seed: 14913223508809734408

24299 Ignak the Basher (level 13, -2/146 HPs)
             Began as an Ogre Warper on Apr 1, 2022.
             Was a High Priest of Okawaru.
             Slain by a tentacled starspawn (14 damage)
             ... on level 1 of the Abyss.
             The game lasted 01:01:04 (14291 turns).

Ignak the Basher (Ogre Warper)                     Turns: 14291, Time: 01:01:04

Health: -2/146     AC: 16    Str: 22    XL:     13   Next: 12%
Magic:  3/24       EV: 16    Int: 14    God:    Okawaru [*****.]
Gold:   1654       SH:  0    Dex:  8    Spells: 8/26 levels left

rFire   . . .      SeeInvis .   a - +1 giant spiked club (flame)
rCold   . . .      Faith    .   (shield currently unavailable)
rNeg    . . .      Spirit   .   L - +3 troll leather armour
rPois   .          Reflect  .   A - +2 hat "Ovulamu" {rCorr}
rElec   .          Harm     .   v - +2 cloak
rCorr   +          Rampage  .   (gloves unavailable)
Will    +....                   (boots unavailable)
Stlth   ++........              y - amulet of regeneration
HPRegen 0.00/turn               G - +4 ring of slaying
MPRegen 0.19/turn               e - +4 ring of evasion

@: heroic, sick, very slightly contaminated, hasted, very quick
A: large, unfitting armour, tough skin 1, iridescent scales 1, robust 1
a: Renounce Religion, Heroism, Finesse, Duel


You were on level 1 of the Abyss.
You worshipped Okawaru.
Okawaru was extremely pleased with you.
You visited 3 branches of the dungeon, and saw 14 of its levels.
You visited the Abyss 1 time.
You also visited: Bailey.

You collected 1734 gold pieces.
You spent 80 gold pieces at shops.

Inventory:

Hand Weapons
 a - a +1 giant spiked club of flaming (weapon)
Missiles
 f - 47 poisoned darts
 z - 6 atropa-tipped darts
 E - 10 large rocks (quivered)
 H - 2 boomerangs
Armour
 d - the +3 robe of Bacsiora {rF+ rCorr}
   (You found it on level 11 of the Dungeon)

   rF:        It protects you from fire.
   rCorr:     It protects you from acid and corrosion.
 v - a +2 cloak (worn)
 A - the +2 hat "Ovulamu" (worn) {rCorr}
   (You acquired it on level 8 of the Dungeon)

   rCorr:     It protects you from acid and corrosion.
 L - a +3 troll leather armour (worn)
Jewellery
 e - a +4 ring of evasion (right hand)
 o - a ring of protection from cold
 p - a ring of poison resistance
 s - a ring of see invisible
 y - an amulet of regeneration (around neck)
 C - a +6 ring of strength
 G - a +4 ring of slaying (left hand)
 J - a ring of protection from fire
 M - a +6 ring of strength
Wands
 q - a wand of acid (13)
 t - a wand of flame (56)
Scrolls
 c - 3 scrolls of blinking
 k - a scroll of identify
 l - 2 scrolls of fear
 m - 2 scrolls of noise
 n - a scroll of holy word
 B - a scroll of amnesia
Potions
 b - a potion of brilliance
 g - 2 potions of mutation
 h - a potion of curing
 j - a potion of magic
 r - 2 potions of heal wounds
 u - a potion of resistance
 w - 2 potions of berserk rage
 x - a potion of invisibility
 D - 2 potions of cancellation
 F - 3 potions of flight
 I - a potion of haste


   Skills:
 + Level 10.1(15.1) Fighting
 + Level 12.0(17.0) Maces & Flails
 + Level 6.4(11.4) Throwing
 + Level 3.4(8.4) Armour
 + Level 6.3(11.3) Dodging
 + Level 7.4 Spellcasting
 - Level 4.1 Conjurations
 + Level 6.5 Translocations
 - Level 4.0 Air Magic
 - Level 4.1 Poison Magic
 * Level 2.5 Invocations


You had 8 spell levels left.
You knew the following spells:

 Your Spells              Type           Power      Damage    Failure   Level
a - Teleport Other        Tloc           23%        N/A       3%          3
b - Blink                 Tloc           46%        N/A       1%          2
c - Swiftness             Air            16%        N/A       9%          3
d - Mephitic Cloud        Conj/Pois/Air  16%        N/A       9%          3
e - Passwall              Tmut/Erth      4%         N/A       22%         2
z - Manifold Assault      Tloc           23%        N/A       28%         5

Your spell library contained the following spells:

 Spells                   Type           Power      Damage    Failure   Level
 Gell's Gravitas          Tloc           23%        N/A       3%          3
 Lesser Beckoning         Tloc           23%        N/A       3%          3
 Ensorcelled Hibernation  Hex/Ice        10%        N/A       22%         2
 Sublimation of Blood     Necr           5%         N/A       22%         2
 Ignite Poison            Fire/Tmut/Pois 9%         N/A       26%         3
 Freezing Cloud           Conj/Ice/Air   6%         6-21      80%         5
 Petrify                  Tmut/Erth      5%         N/A       83%         4
 Irradiate                Conj/Tmut      5%         3d15      87%         5


Dungeon Overview and Level Annotations

Branches:
Dungeon (11/15)            Temple (1/1) D:4            Lair (0/6) D:8
    Orc (2/2) D:9          Bailey (visited)
    Elf: Orc:2

Altars:
Ashenzari
Cheibriados
Dithmenos
Elyvilon
Fedhas
Gozag
Hepliaklqana
Kikubaaqudgha
Makhleb
Nemelex Xobeh
Okawaru
Qazlal
Ru
Sif Muna
Trog
Uskayaw
Vehumet
Wu Jian
Xom
Yredelemnul
Zin
The Shining One
Beogh

Shops:
D:3 *   D:8 *


Innate Abilities, Weirdness & Mutations

You are too large for most types of armour.
You have tough skin. (AC +1)
You are partially covered in iridescent scales. (AC +2)
You are robust. (+10% HP)


Message History

The rakshasa shimmers and vanishes!
The rakshasa barely misses you.
You barely miss the starspawn tentacle. The starspawn tentacle grabs you.
The starspawn tentacle constricts you. The rakshasa misses you.
The starspawn tentacle loses its grip on you.
The tentacle pulls you backwards!
Press: ? - help, v - describe, . - travel
Here: a starspawn tentacle The floor.
Casting: Manifold Assault (dangerous; 28% risk of failure)
Confirm with . or Enter, or press ? or * to list all spells.
You cannot blink because you are magically locked down.
You flatten the starspawn tentacle like a pancake!!!
You burn the starspawn tentacle!
You destroy the starspawn tentacle!
The starspawn tentacle grabs you. The starspawn tentacle constricts you.
The rakshasa hits you from afar with a +0 trident!!
You thump the starspawn tentacle! You burn the starspawn tentacle.
The starspawn tentacle is severely damaged.
You are no longer locked in place.
The starspawn tentacle constricts you.
The rakshasa hits you but does no damage.
The starspawn tentacle loses its grip on you.
Okay, then.
Press: ? - help, v - describe, . - travel
Here: a rakshasa, wielding a +0 trident and wearing a +0 robe (almost dead)
The floor.
You hammer the starspawn tentacle like a gong!!!
You burn the starspawn tentacle.
You destroy the starspawn tentacle!
The rakshasa gestures at you. The lance of force hits you!!
* * * LOW HITPOINT WARNING * * *
You are knocked back by the lance of force.
You slam into the metal wall!
* * * LOW HITPOINT WARNING * * *
You feel yourself speed up.
You feel much better.
The rakshasa blinks!
The tentacled starspawn bites you!!
* * * LOW HITPOINT WARNING * * *
The tentacled starspawn tentacle-slaps you!
You die...

.# #. # #.# .
.. #.#. ##.##
# #.###R#.#
#. . #@.# #.
#..##X# #
##.###..ยง##
#...>...X...#
# ####.R##.#
. .......##
.# .
....#..###
.........###
....... #


You could see a tentacled starspawn and a rakshasa.

Vanquished Creatures
  An orc warlord (D:9)
  A boulder beetle (D:7)
  The ghost of ouz the Nimble, a journeyman OpGl of Gozag (D:11)
  A centaur warrior (D:9)
  2 two-headed ogres
  An orc high priest (Orc:1)
  Pikel (D:2)
  3 orc knights (Bailey)
  An anaconda skeleton (Abyss:1)
  4 orc sorcerers
  2 cyclopes (D:11)
  Maurice (D:10)
  An unseen horror (D:11)
  An efreet (D:9)
  A komodo dragon (D:8)
  An ancient zyme (Abyss:1)
  8 trolls
  A queen bee (shapeshifter) (D:11)
  A slime creature (D:9)
  A polar bear (shapeshifter) (D:9)
  32 yaks
  A vampire (D:10)
  3 wyverns
  A wraith (D:10)
  A shadow (D:7)
  A basilisk (D:9)
  2 steam dragons (D:9)
  4 wargs (Orc:1)
  3 water moccasins
  2 acid dragons (D:9)
  16 orc warriors
  An ice beast (D:5)
  A sky beast (D:7)
  3 black bears
  10 ogres
  2 phantoms (D:4)
  3 lemures
  9 kobold brigands
  3 bullfrogs
  2 necrophages
  2 gnoll sergeants (D:9)
  11 wights
  3 killer bees (D:11)
  2 howler monkeys
  A lava snake (D:10)
  5 hounds
  3 jellies
  8 orc priests
  Crazy Yiuf (D:4)
  2 gnoll shamans
  An iguana (D:4)
  4 orc wizards
  10 gnolls
  7 adders
  A shadow imp (D:5)
  3 white imps
  4 dart slugs
  38 orcs
  3 bats
  8 endoplasms
  7 giant cockroaches
  9 goblins
  4 hobgoblins
  6 jackals
  27 kobolds
  4 quokkas
  11 ball pythons
  4 frilled lizards
  8 rats
  A lurking horror (Abyss:1)
  2 starspawn tentacles (Abyss:1)
334 creatures vanquished.

Vanquished Creatures (others)
  An orc wizard (Orc:1)
  A gnoll (D:9)
  An orc (D:9)
  2 fungi (D:4)
  8 plants
13 creatures vanquished.

Grand Total: 347 creatures vanquished

Notes
Turn   | Place    | Note
-------+----------+-------------------------------------------
     0 | D:1      | Ignak the Ogre Warper began the quest for the Orb.
     0 | D:1      | Reached XP level 1. HP: 22/22 MP: 3/3
    24 | D:1      | Found a faded altar of an unknown god.
   127 | D:1      | Reached XP level 2. HP: 24/29 MP: 5/5
   210 | D:1      | Learned a level 2 spell: Blink
   237 | D:1      | Reached skill level 2 in Maces & Flails
   760 | D:1      | Reached XP level 3. HP: 37/37 MP: 6/6
  1052 | D:2      | Found a glowing golden altar of the Shining One.
  1125 | D:2      | Gained mutation: You are partially covered in iridescent
                  | scales. (AC +2) [potion of mutation]
  1125 | D:2      | Gained mutation: You are robust. (+10% HP) [potion of
                  | mutation]
  1719 | D:3      | Reached XP level 4. HP: 44/49 MP: 8/8
  1723 | D:3      | Learned a level 3 spell: Teleport Other
  1747 | D:3      | Found a snail-covered altar of Cheibriados.
  2014 | D:3      | Found a hazy altar of Hepliaklqana.
  2466 | D:3      | Found Waket's Assorted Antiques.
  2637 | D:3      | Bought a scroll labelled YVATTA LERGH for 20 gold pieces
  2637 | D:3      | Bought a scroll labelled AHURAW HIPH for 20 gold pieces
  2637 | D:3      | Bought a scroll labelled ENINOEJ NIEFREOCI for 20 gold
                  | pieces
  2637 | D:3      | Bought a scroll labelled YVATTA LERGH for 20 gold pieces
  2649 | D:4      | Noticed a lemure
  2651 | D:4      | Noticed Pikel
  2652 | D:4      | Noticed a lemure
  2653 | D:4      | Noticed a lemure
  2655 | D:4      | Noticed a lemure
  2682 | D:3      | Killed a lemure
  3552 | D:3      | Killed a lemure
  3632 | D:1      | Killed a lemure
  3795 | D:2      | Killed Pikel
  3796 | D:2      | Reached skill level 5 in Fighting
  3796 | D:2      | Reached skill level 3 in Maces & Flails
  3796 | D:2      | Reached XP level 5. HP: 13/62 MP: 2/10
  3796 | D:2      | Reached XP level 6. HP: 16/72 MP: 2/11
  3796 | D:2      | Reached XP level 7. HP: 17/79 MP: 2/12
  4184 | D:4      | Found a blossoming altar of Fedhas.
  4331 | D:4      | Learned a level 3 spell: Gell's Gravitas
  4365 | D:4      | Found a staircase to the Ecumenical Temple.
  4505 | D:3      | Reached skill level 4 in Maces & Flails
  4985 | Temple   | Entered the Ecumenical Temple
  5096 | D:4      | Found a runed translucent door.
  5097 | D:4      | Noticed Crazy Yiuf
  5107 | D:4      | Killed Crazy Yiuf
  5279 | D:4      | Reached XP level 8. HP: 73/92 MP: 12/14
  5667 | D:5      | Entered Level 5 of the Dungeon
  5997 | D:5      | Found an opulent altar of Gozag.
  6010 | D:5      | Found an iron altar of Okawaru.
  6192 | D:5      | Found a glowing golden altar of the Shining One.
  6449 | D:5      | Found a stormy altar of Qazlal.
  6464 | D:5      | Learned a level 5 spell: Manifold Assault
  6728 | D:5      | Became a worshipper of Warmaster Okawaru
  6893 | D:5      | Reached skill level 5 in Maces & Flails
  7181 | D:6      | Reached skill level 6 in Maces & Flails
  7184 | D:6      | Reached * piety under Okawaru
  7185 | D:6      | Reached XP level 9. HP: 74/98 MP: 7/15
  7274 | D:6      | Reached skill level 7 in Maces & Flails
  7635 | D:6      | Found a radiant altar of Vehumet.
  7645 | D:6      | Identified a scroll of acquirement
  7695 | D:7      | Reached skill level 8 in Maces & Flails
  7762 | D:7      | Reached ** piety under Okawaru
  7807 | D:7      | Learned a level 3 spell: Mephitic Cloud
  7853 | D:7      | Reached skill level 9 in Maces & Flails
  7884 | D:7      | Noticed a boulder beetle
  8344 | D:7      | Killed a boulder beetle
  8344 | D:7      | Reached *** piety under Okawaru
  8345 | D:7      | Reached skill level 10 in Maces & Flails
  8345 | D:7      | Reached XP level 10. HP: 111/112 MP: 8/16
  8547 | D:8      | Found Jeckac's General Store.
  8569 | D:8      | Found a staircase to the Lair.
  8570 | D:8      | Noticed a two-headed ogre
  8616 | D:8      | Killed a two-headed ogre
  8616 | D:8      | Reached **** piety under Okawaru
  8617 | D:8      | Reached skill level 1 in Conjurations
  8617 | D:8      | Reached skill level 1 in Air Magic
  8617 | D:8      | Reached skill level 1 in Poison Magic
  8889 | D:8      | Acquired the +2 hat "Ovulamu" {rCorr}
  9360 | D:8      | Learned a level 3 spell: Swiftness
  9473 | D:8      | Reached skill level 5 in Spellcasting
  9585 | D:9      | Identified the +6 rapier of Untimely Demise {spect, rElec
                  | rN+ Int-5}
  9654 | D:9      | Found a staircase to the Orcish Mines.
  9805 | D:9      | Reached XP level 11. HP: 101/122 MP: 14/19
  9810 | D:9      | Reached ***** piety under Okawaru
  9911 | D:9      | Reached skill level 5 in Translocations
  9973 | D:9      | Received a gift from Okawaru
 10042 | D:9      | Noticed a centaur warrior
 10045 | D:9      | Reached skill level 11 in Maces & Flails
 10052 | D:9      | Killed a centaur warrior
 10338 | D:9      | Reached skill level 5 in Throwing
 10659 | D:9      | Reached skill level 5 in Dodging
 10847 | D:10     | Entered Level 10 of the Dungeon
 10885 | D:10     | Noticed Maurice
 10946 | D:10     | Found a flagged portal.
 10962 | Bailey   | Entered a bailey
 11010 | Bailey   | Noticed an orc knight
 11013 | Bailey   | Noticed an orc knight
 11015 | Bailey   | Killed an orc knight
 11015 | Bailey   | Received a gift from Okawaru
 11023 | Bailey   | Noticed an orc knight
 11028 | Bailey   | Killed an orc knight
 11071 | Bailey   | Killed an orc knight
 11535 | D:10     | Reached XP level 12. HP: 135/135 MP: 18/21
 11658 | D:10     | Killed Maurice
 11794 | D:10     | Reached skill level 1 in Armour
 12308 | D:11     | Noticed a two-headed ogre
 12312 | D:11     | Killed a two-headed ogre
 12505 | D:11     | Found a runed translucent gate.
 12505 | D:11     | Found a runed translucent gate.
 12506 | D:11     | Found a runed translucent gate.
 12507 | D:11     | Noticed ouz's ghost (journeyman OpGl)
 12557 | D:11     | Killed ouz's ghost
 12661 | D:11     | Received a gift from Okawaru
 13065 | D:11     | Identified the +3 robe of Bacsiora {rF+ rCorr}
 13285 | Orc:1    | Entered Level 1 of the Orcish Mines
 13419 | Orc:1    | Noticed an orc warlord
 13620 | Orc:2    | Entered Level 2 of the Orcish Mines
 13675 | Orc:2    | Found a burning altar of Makhleb.
 13794 | D:9      | Killed an orc warlord
 13795 | D:9      | Reached skill level 12 in Maces & Flails
 13795 | D:9      | Reached skill level 1 in Invocations
 13838 | Orc:1    | Reached XP level 13. HP: 102/146 MP: 20/23
 13842 | Orc:1    | Reached skill level 10 in Fighting
 14116 | Orc:2    | Received a gift from Okawaru
 14122 | Orc:2    | Cast into level 1 of the Abyss (orc wizard)
 14218 | Abyss:1  | Learned a level 2 spell: Passwall
 14245 | Abyss:1  | Noticed a rakshasa
 14272 | Abyss:1  | Noticed a tentacled starspawn
 14291 | Abyss:1  | Slain by a tentacled starspawn

Illustrated notes

Levels and vault maps discovered:
D:1:      ncdulo_wetmaze, layout_basic, chequers_ecumenical_altar_simple_redux
D:2:      layout_rooms, basic_altar, minmay_strange_pillars
D:3:      layout_basic, nicolae_hepliaklqana_hippocampus, cheibriados_altar_1,
          serial_shops, shop
D:4:      layout_loops_cross, fedhas_altar_3, minmay_temple_entry_crystal_x,
          uniq_pikel, uniq_crazy_yiuf_cottage
D:5:      layout_basic, mainiacjoe_overflow_catwalk_spiral,
          chequers_temple_overflow_statue_of_worship, kennysheep_windowed_goal
D:6:      layout_loops_cross, marbit_many_paths
D:7:      layout_basic, st_stairs_5, minmay_misc_feat_alley
D:8:      layout_basic, david_lair_shrubbed, serial_shops, shop
D:9:      wad_arrow_thing, layout_basic, kennysheep_orc_monster_closet_entryway,
          lemuel_old_faithful
D:10:     layout_big_octagon, enter_bailey_2, uniq_maurice
D:11:     layout_rooms, ebering_ghost_rock_garden
Temple:   eino_temple_lava
Orc:1:    layout_caves, bh_open_orc_temple
Orc:2:    st_orc_ogre_mass, layout_diamond_mine, bloody_makhleb
Abyss:1:  base: D:12, gammafunk_corrupted_shrine, minivault_5

Skill      XL: |  1  2  3  4  5  6  7  8  9 10 11 12 13 |
---------------+----------------------------------------+-----
Fighting       | 3 5 6 7 8 9 10 | 10.1
Maces & Flails | 2 3 4 6 10 11 12 | 12.0
Translocations | 3 4 5 6 |  6.5
Throwing       | 2 3 4 5 6 |  6.4
Dodging        | 3 4 5 6 |  6.3
Spellcasting   | 3 4 5 6 7 |  7.4
Conjurations   | 2 3 4 |  4.1
Air Magic      | 2 3 4 |  4.0
Poison Magic   | 2 3 4 |  4.1
Armour         | 3 |  3.4
Invocations    | 1 2 |  2.5

Action                   |  1- 3 |  4- 6 |  7- 9 | 10-12 | 13-15 || total
-------------------------+-------+-------+-------+-------+-------++-------
Melee: Mace              |   150 |   181 |       |       |       ||   331
       Punch             |     1 |       |     1 |       |       ||     2
       Whip              |       |       |   111 |       |       ||   111
       Giant spiked club |       |       |   174 |   453 |    52 ||   679
Throw: Dart              |     1 |     8 |    22 |    13 |       ||    44
       Large rock        |       |       |       |     5 |    12 ||    17
 Cast: Blink             |       |     7 |     6 |     6 |     1 ||    20
       Gell's Gravitas   |       |       |     6 |       |       ||     6
       Teleport Other    |       |       |     6 |       |       ||     6
       Mephitic Cloud    |       |       |     3 |    20 |       ||    23
       Swiftness         |       |       |       |     1 |       ||     1
       Manifold Assault  |       |       |       |    10 |     4 ||    14
Invok: Heroism           |       |       |       |    11 |     2 ||    13
       Finesse           |       |       |       |     1 |       ||     1
Evoke: Wand              |       |       |     2 |     3 |     1 ||     6
  Use: Potion            |     5 |     1 |     2 |     2 |     4 ||    14
       Scroll            |       |       |    14 |    18 |       ||    32
 Stab: Invisible         |       |     3 |       |       |       ||     3
       Sleeping          |       |       |     1 |       |       ||     1
       Confused          |       |       |     2 |     6 |       ||     8
Armor: Robe              |    40 |    71 |    92 |    61 |       ||   264
       Troll leather arm |       |       |       |   171 |    18 ||   189
Dodge: Dodged            |   131 |   146 |   216 |   285 |    35 ||   813

Table legend: (Time is in decaauts)
 A = Elapsed time spent in this place.
 B = Non-inter-level travel time spent in this place.
 C = Inter-level travel time spent in this place.
 D = Time resting spent in this place.
 E = Time spent auto-exploring this place.
 F = Levels seen in this place.
 G = Mean time per level.
                   A        B        C        D        E       F      G
               +--------+--------+--------+--------+--------+-----+--------+
         Total |  14573 |  14265 |    308 |   1992 |   6831 |  16 |  910.8 |
       Dungeon |  13069 |  12762 |    307 |   1926 |   6387 |  11 | 1188.1 |
        Temple |     56 |     55 |      1 |      0 |     30 |   1 |   56.0 |
  Orcish Mines |    796 |    796 |      0 |     46 |    230 |   2 |  398.0 |
         Abyss |    169 |    169 |      0 |      0 |      0 |   1 |  169.0 |
        Bailey |    480 |    480 |      0 |     20 |    183 |   1 |  480.0 |
               +--------+--------+--------+--------+--------+-----+--------+

Top non-repeatable levels by time:
     D:3: 1676 daAuts
     D:2: 1504 daAuts
     D:9: 1457 daAuts
     D:4: 1305 daAuts
     D:1: 1289 daAuts
     D:5: 1205 daAuts
     D:8: 1084 daAuts
    D:10: 1029 daAuts
    D:11: 915 daAuts
     D:7: 807 daAuts
     D:6: 794 daAuts
   Orc:1: 715 daAuts
  Bailey: 480 daAuts
 Abyss:1: 169 daAuts
   Orc:2: 80 daAuts
